 Dungeon Crawl Stone Soup version 0.31-a0-844-gdc52ec4e09 (webtiles) character file.

Game seed: 10413548661977575042

444 kae the Changeling (level 6, -2/42 HPs)
             Began as a Draconian Shapeshifter on Sept 29, 2023.
             Slain by Dowan
             ... wielding a +0 dagger
              (4 damage)
             ... on level 4 of the Dungeon.
             The game lasted 00:02:51 (3406 turns).

kae the Changeling (Draconian Shapeshifter)         Turns: 3406, Time: 00:02:51

Health: -2/42      AC:  6    Str: 16    XL:     6   Next: 72%
Magic:  6/6        EV: 12    Int: 11    God:
Gold:   274        SH:  0    Dex: 12    Spells: 5/5 levels left

rFire   . .          .
                       - Unarmed
rCold   . . .        (shield currently unavailable)
rNeg    . . .        (body armour unavailable)
rPois   .            (helmet restricted)
rElec   .            (no cloak)
rCorr   .            (no gloves)
SInv    .            (no boots)
Will    .....        (no amulet)
Stlth   +            (no ring)
HPRegen 0.27/turn    (no ring)
MPRegen 0.10/turn

%: no passive effects
@: flux-form, glowing
A: glow, contaminating, reduced hp, AC +6, unfitting armour, cold-blooded
a: Begin Untransformation


You were on level 4 of the Dungeon.
You were something dangerously unstable.
You visited 1 branch of the dungeon, and saw 4 of its levels.

You collected 274 gold pieces.


Innate Abilities, Weirdness & Mutations

You are something dangerously unstable.
You glow with magical radiation, making you easy to see and hit.
Foes you strike become dangerously contaminated with magical radiation.
Your maximum health is decreased, since you lack skill for your form.
You are incapable of wielding weapons or throwing items.
Your plain brown scales are hard. (AC +6)
You cannot fit into any form of body armour.
You are cold-blooded and may be slowed by cold attacks.


   Skills:
 - Level 1.1 Fighting
 - Level 1.7 Dodging
 + Level 5.0 Unarmed Combat
 * Level 6.0 Shapeshifting


You had 5 spell levels left.
You didn't know any spells.
Your spell library contained the following spells:

 Spells                   Type           Power      Damage    Failure   Level
 Apportation              Tloc           0%         N/A       34%         1
 Magic Dart               Conj           0%         1d3       34%         1
 Call Imp                 Summ           0%         N/A       47%         2
 Jinxbite                 Hex            0%         N/A       47%         2
 Mephitic Cloud           Conj/Pois/Air  0%         N/A       71%         3
 Alistair's Intoxication  Tmut/Pois      0%         N/A       100%        5

Inventory:

Missiles
 d - 26 stones
 r - a boomerang
Jewellery
 Z - a ring of wizardry
   (You found it on level 1 of the Dungeon)
Talismans
 b - a beast talisman
 c - a flux talisman (active)
Scrolls
 i - 4 scrolls of teleportation {@r4}
 k - a scroll of summoning
 l - a scroll of fog
 p - 2 scrolls of torment {!r}
Potions
 a - 2 potions of lignification {!q}
 f - a potion of curing {@q1}
 g - a potion of mutation {!q}
 h - a potion of degeneration {!q}
 j - 2 potions of brilliance {unknown}
 m - a potion of haste {@q3}

Dungeon Overview and Level Annotations

Branches:
Dungeon (4/15) Zot: 20605
 Temple: D:4-7

Altars:
Makhleb

Annotations:
D:3 1 runed translucent door, Pi314's ghost, weakling DrSh
D:4 4 runed translucent doors, Crazy Yiuf; Dowan

..♣ #.# #... .♣♣ #.## ##... ♣♣
#..## ### #.... ♣
##..###########.## ###.... ♣
##....##..##....####....## ♣♣
####.....#.....#.......#, .♣
#......................#* +#*
####........##...####.....#, ..*
#.##.......p[.......#.....#* ..#
#..##.#...e####...........#. .)#
#.#####....#####....#..#..## ###
#..#####............#..#....
#...##.....####.............
**####...........###.........###e
*#........#......####........###.
,..>...#..#..##.......<.........#
......##.............[...........


You could see Dowan (fast).


Message History

You take 2 damage, and now have 33/47 hp.
You punch the giant cockroach!
You kill the giant cockroach!
Dowan mumbles some strange words.
Dowan blinks! 😮 HP[+1]
You miss Dowan.
Your tail-slap misses Dowan.
Dowan points at you and mumbles some strange words.
The shard of ice misses you.
You miss Dowan.
Dowan zaps a wand.
The puff of flame hits you!
* * * LOW HITPOINT WARNING * * *
😨 HP[-11]
You take 11 damage, and now have 23/47 hp.
MASSIVE DAMAGE!! (PAUSE)
You hit Dowan. Dowan hits you with a +0 dagger.
* * * LOW HITPOINT WARNING * * *
Dowan zaps a wand.
The puff of flame hits you!
* * * LOW HITPOINT WARNING * * *
😨 HP[-10]
You take 10 damage, and now have 13/47 hp.
MASSIVE DAMAGE!! (PAUSE)
You punch Dowan!
Dowan gestures wildly while chanting.
Dowan blinks! 😨 HP[+1]
There is a stone staircase leading up, spattered with blood here.
Unknown command.
Dowan hits you with a +0 dagger.
* * * LOW HITPOINT WARNING * * *
You climb upwards.
Level annotation: 1 runed translucent door, Pi314's ghost, weakling DrSh
There is a stone staircase leading down here.
Unknown command. 😨 HP[-2]
You take 2 damage, and now have 12/47 hp.
You start resting. 😕 HP[+27]
You regained 27 hp, and now have 39/47 hp.
You start resting. 😎 HP[+8]
Your hp is fully restored (47).
You climb downwards.
Level annotation: 4 runed translucent doors, Crazy Yiuf; Dowan Dowan mumbles some strange words.
Dowan blinks!
There is a stone staircase leading up, spattered with blood here.
Okay, then.
Okay, then.
Okay, then.
Dowan mumbles some strange words.
Dowan blinks!
You climb upwards.
Level annotation: 1 runed translucent door, Pi314's ghost, weakling DrSh
There is a stone staircase leading down here.
Okay, then.
You begin transforming.
You continue transforming. x3
Your transformation has ended.
You turn into something dangerously unstable. 😎 HP[-5]
You now have 42 max hp (-5).
Unknown command.
You climb downwards.
Level annotation: 4 runed translucent doors, Crazy Yiuf; Dowan Dowan shakes with grief.
Dowan gestures wildly while chanting.
Dowan blinks!
There is a stone staircase leading up, spattered with blood here.
There is a stone staircase leading up, spattered with blood here.
You start waiting.
Dowan is nearby!
Dowan zaps a wand.
The puff of flame hits you! 😕 HP[-8]
You take 8 damage, and now have 34/42 hp.
You barely miss Dowan.
Dowan shakes with grief.
Dowan casts a spell at you. The stone arrow misses you.
Dowan points at you and mumbles some strange words.
The shard of ice hits you!!
Ouch! That really hurt!
* * * LOW HITPOINT WARNING * * *
You are too injured to fight recklessly! 😱 HP[-28]
You take 28 damage, and now have 6/42 hp.
MASSIVE DAMAGE!! (PAUSE) Dowan attacks as he pursues you!
Dowan hits you with a +0 dagger.
* * * LOW HITPOINT WARNING * * *
There is a stone staircase leading up, spattered with blood here. 😱 HP[-1]
You take 1 damage, and now have 5/42 hp.
Unknown command.
Dowan zaps a wand.
The puff of flame hits you.
* * * LOW HITPOINT WARNING * * *
Dowan hits you with a +0 dagger.
You die...

Skill      XL: |  1  2  3  4  5  6 |
---------------+-------------------+-----
Shapeshifting  | 4 5 6 |  6.0
Unarmed Combat | 4 5 |  5.0
Fighting       | |  1.1
Dodging        | |  1.7

Action                     |  1- 3 |  4- 6 || total
---------------------------+-------+-------++-------
  Melee: Unarmed           |   135 |    93 ||   228
         Tailslap          |    23 |    16 ||    39
         Punch             |     1 |     4 ||     5
    Use: Scroll            |     1 |    12 ||    13
         Potion            |       |     1 ||     1
   Stab: Sleeping          |     1 |     2 ||     3
 Armour: Skin              |    61 |    55 ||   116
  Dodge: Dodged            |    78 |    49 ||   127
   Form: Flux              |       |     1 ||     1

Levels and vault maps discovered:
D:1:      minmay_arrival_stair_chambers, layout_basic
D:2:      kennysheep_six_static_rooms, layout_loops_corners, basic_altar,
          minmay_quantized
D:3:      layout_loops_ring, ebering_ghost_reflecting_pool
D:4:      layout_cave_pools, gammafunk_ghost_necromancy, minmay_splitting_lines,
          minmay_misc_feat_nine_boxes, minmay_puff, uniq_crazy_yiuf_cottage,
          uniq_duvessa

Notes
Turn   | Place    | Note
-------+----------+-------------------------------------------
     0 | D:1      | kae the Draconian Shapeshifter began the quest for the Orb.
     0 | D:1      | Reached XP level 1. HP: 16/16 MP: 1/1
     0 | D:1      | magus.rc [v1.11.3]
   201 | D:1      | Reached XP level 2. HP: 23/23 MP: 2/2
   493 | D:1      | Reached XP level 3. HP: 28/28 MP: 3/3
   689 | D:1      | You pick up a book of Minor Magic and begin reading...
   689 | D:1      | You add the spells Magic Dart, Call Imp and Mephitic Cloud
                  | to your library.
   948 | D:2      | You pick up a book of Party Tricks and begin reading...
   948 | D:2      | You add the spells Apportation, Jinxbite and Alistair's
                  | Intoxication to your library.
  1336 | D:2      | Found a burning altar of Makhleb.
  1570 | D:3      | Reached skill level 4 in Shapeshifting
  1762 | D:3      | Reached XP level 4. HP: 35/35 MP: 4/4
  2043 | D:3      | Found a runed translucent door.
  2045 | D:3      | Noticed Pi314's ghost (weakling DrSh)
  2367 | D:4      | Noticed Duvessa
  2379 | D:4      | Reached skill level 4 in Unarmed Combat
  2400 | D:4      | Reached XP level 5. HP: 30/40 MP: 5/5
  2589 | D:4      | Noticed Dowan
  2625 | D:4      | Noticed a black bear
  2637 | D:4      | Reached skill level 5 in Shapeshifting
  2643 | D:4      | Killed a black bear
  2644 | D:4      | Reached XP level 6. HP: 18/47 MP: 6/6
  2870 | D:4      | Found a runed translucent gate.
  2870 | D:4      | Found a runed translucent gate.
  2870 | D:4      | Found a runed translucent gate.
  3028 | D:4      | Found a runed translucent door.
  3029 | D:4      | Noticed Crazy Yiuf
  3084 | D:4      | Identified the +1 robe "Nyihod" {Str+5 Dex+3}
  3115 | D:4      | Killed Duvessa
  3116 | D:4      | Reached skill level 5 in Unarmed Combat
  3116 | D:4      | Reached skill level 6 in Shapeshifting
  3117 | D:4      | HP: 9/47 [Dowan/stone arrow (20)]
  3256 | D:4      | HP: 11/47 [Dowan/+0 dagger (3)]
  3404 | D:4      | HP: 6/42 [Dowan/shard of ice (29)]
  3406 | D:4      | HP: 2/42 [Dowan/puff of flame (3)]
  3406 | D:4      | Slain by Dowan

Vanquished Creatures
  Duvessa (D:4)
  A black bear (D:4)
  A bullfrog (D:4)
  A jelly (D:4)
  A sleepcap (D:4)
  An iguana (D:4)
  3 adders
  2 dart slugs
  5 orcs (D:3)
  10 endoplasms
  9 giant cockroaches
  8 hobgoblins
  7 jackals (D:1)
  5 quokkas
  7 bats
  A frilled lizard (D:2)
  4 goblins
  4 kobolds
  4 rats
75 creatures vanquished.

Table legend:
 A = Non-vault XP
 B = Vault XP
 C = Vault XP percentage of total XP
 D = Non-vault monster count
 E = Vault monster count
 F = Vault count percentage of total count
                 A         B        C        D         E       F
            +---------+---------+-------+---------+---------+-------
      Total |     488 |     147 |  23.1 |      71 |       4 |   5.3
            +---------+---------+-------+---------+---------+-------
        D:1 |      53 |       0 |   0.0 |      30 |       0 |   0.0
        D:2 |      12 |       5 |  29.4 |       7 |       3 |  30.0
        D:3 |      51 |       0 |   0.0 |      19 |       0 |   0.0
        D:4 |     372 |     142 |  27.6 |      15 |       1 |   6.2
            +---------+---------+-------+---------+---------+-------

Skill      XL: |  1  2  3  4  5  6 |
---------------+-------------------+-----
Shapeshifting  | 4 5 6 |  6.0
Unarmed Combat | 4 5 |  5.0
Fighting       | |  1.1
Dodging        | |  1.7

Action                     |  1- 3 |  4- 6 || total
---------------------------+-------+-------++-------
  Melee: Unarmed           |   135 |    93 ||   228
         Tailslap          |    23 |    16 ||    39
         Punch             |     1 |     4 ||     5
    Use: Scroll            |     1 |    12 ||    13
         Potion            |       |     1 ||     1
   Stab: Sleeping          |     1 |     2 ||     3
 Armour: Skin              |    61 |    55 ||   116
  Dodge: Dodged            |    78 |    49 ||   127
   Form: Flux              |       |     1 ||     1

Illustrated notes

Table legend:
 A = Kills in this place as a percentage of kills in the entire game.
 B = Kills by you in this place as a percentage of kills by you in the entire game.
 C = Kills by friends in this place as a percentage of kills by friends in the entire game.
 D = Other kills in this place as a percentage of other kills in the entire game.
 E = Experience gained in this place as a percentage of experience gained in the entire game.
 F = Experience gained in this place divided by the number of levels of this place that you have seen.
                   A       B       C       D       E      F
               +-------+-------+-------+-------+-------+----------------------
         Total | 100.0 | 100.0 |   N/A |   N/A | 100.0 | 158.8
       Dungeon | 100.0 | 100.0 |   N/A |   N/A | 100.0 | 158.8
               +-------+-------+-------+-------+-------+----------------------

Table legend: (Time is in decaauts)
 A = Elapsed time spent in this place.
 B = Non-inter-level travel time spent in this place.
 C = Inter-level travel time spent in this place.
 D = Time resting spent in this place.
 E = Time spent auto-exploring this place.
 F = Levels seen in this place.
 G = Mean time per level.
                   A        B        C        D        E       F      G
               +--------+--------+--------+--------+--------+-----+--------+
         Total |   3393 |   3228 |    165 |    493 |   2195 |   4 |  848.2 |
       Dungeon |   3393 |   3228 |    165 |    493 |   2195 |   4 |  848.2 |
               +--------+--------+--------+--------+--------+-----+--------+

Top non-repeatable levels by time:
     D:3: 1124 daAuts
     D:1: 877 daAuts
     D:4: 717 daAuts
     D:2: 673 daAuts
